[Event "Titled Tuesday Blitz January 11 2022"]
[White "Maximov, Dmitry"]
[Black "Muradli, Mahammad"]
[WhiteFideId "14105659"]
[BlackFideId "13409301"]
[WhiteElo "2494"]
[BlackElo "2645"]
[Result "0-1"]
[Round "07"]
[TimeControl "180+1"]
[Date "2022.01.11"]
[WhiteClock "0:00:17"]
[BlackClock "0:00:05"]

1. e4 c5 2. Nf3 d6 3. c3 Nf6 4. Bc4 Nc6 5. d3 Bg4 6. Qb3 e6 7. Qxb7 Rc8 8. Bb5 Qd7 9. Bxc6 Qxc6 10. Qxc6+ Rxc6 11. Nbd2 Be7 12. h3 Bh5 13. g4 Bg6 14. Nc4 O-O 15. Bf4 d5 16. Nfe5 Ra6 17. Nxg6 fxg6 18. exd5 exd5 19. Ne3 Re6 20. O-O-O d4 21. cxd4 cxd4 22. Ng2 Nd5 23. Bg3 Rb6 24. h4 Rc8+ 25. Kd2 Rxb2+ 26. Ke1 Nc3 27. Rc1 Ba3 28. Kf1 Rxa2 29. Re1 Rd2 30. Nf4 Bd6 31. Rh3 Rf8 32. Ne6 Bxg3 33. Nxf8 Rxf2+ 34. Kg1 Ne2+ 35. Rxe2 Rxe2 36. Rxg3 Kxf8 37. Rf3+ Ke7 38. Rf4 a5 39. Rxd4 Ra2 40. Rc4 Kf6 41. Rc5 a4 42. Ra5 a3 43. g5+ Ke6 44. d4 Kd6 45. Kh1 Kc6 46. d5+ Kb6 47. Ra8 Kc5 48. Ra7 Kxd5 49. Rxg7 Rb2 50. Rd7+ Kc6 51. Ra7 a2 0-1


[Site "https://www.chess.com"]

[Event "Titled Tuesday Blitz January 11 2022"]
[White "Murzin, Volodar"]
[Black "Willow, Jonah B"]
[WhiteFideId "44155573"]
[BlackFideId "438804"]
[WhiteElo "2585"]
[BlackElo "2261"]
[Result "1-0"]
[Round "07"]
[TimeControl "180+1"]
[Date "2022.01.11"]
[WhiteClock "0:00:07"]
[BlackClock "0:00:02"]

1. e4 c5 2. Nf3 Nc6 3. Bb5 g6 4. Bxc6 dxc6 5. O-O Bg7 6. d3 e5 7. Nbd2 Ne7 8. Nc4 Qc7 9. a4 h6 10. a5 Be6 11. Be3 Rd8 12. Qe1 b6 13. axb6 axb6 14. b4 Bxc4 15. dxc4 cxb4 16. Qxb4 c5 17. Qb5+ Qc6 18. Qxc6+ Nxc6 19. Ra6 Nd4 20. Rxb6 O-O 21. Rb2 Rb8 22. Rfb1 Ra8 23. Nd2 Rfd8 24. Kf1 Ne6 25. c3 Bf8 26. g3 Ra3 27. Rc2 Rd3 28. Rbc1 f5 29. Ke2 Rd8 30. f3 f4 31. Bf2 h5 32. Rb1 Bh6 33. Rb6 Kf7 34. Nb3 fxg3 35. hxg3 Ra1 36. Nxa1 1-0


[Site "https://www.chess.com"]

[Event "Titled Tuesday Blitz January 11 2022"]
[White "Nesterov, Arseniy"]
[Black "Jaracz, Pawel"]
[WhiteFideId "24198455"]
[BlackFideId "1102222"]
[WhiteElo "2489"]
[BlackElo "2429"]
[Result "1-0"]
[Round "07"]
[TimeControl "180+1"]
[Date "2022.01.11"]
[WhiteClock "0:01:08"]
[BlackClock "0:00:33"]

1. d4 Nf6 2. c4 e6 3. Nc3 Bb4 4. Qc2 d6 5. e4 c5 6. d5 O-O 7. Bd3 exd5 8. cxd5 b5 9. Bxb5 Qe7 10. Ne2 Qxe4 11. Qxe4 Nxe4 12. O-O Bxc3 13. Nxc3 Bf5 14. Bf4 Rd8 15. Nxe4 Bxe4 16. Rfe1 Bxd5 17. Rad1 Be6 18. Rxd6 Rxd6 19. Bxd6 a6 20. Ba4 Nd7 21. h3 Rc8 22. Rxe6 fxe6 23. Bxd7 Rd8 24. Bxe6+ Kh8 25. Bxc5 1-0


[Site "https://www.chess.com"]

[Event "Titled Tuesday Blitz January 11 2022"]
[White "Pakleza, Zbigniew"]
[Black "Tsyhanchuk, Stanislav"]
[WhiteFideId "1119290"]
[BlackFideId "13505130"]
[WhiteElo "2467"]
[BlackElo "2078"]
[Result "1-0"]
[Round "07"]
[TimeControl "180+1"]
[Date "2022.01.11"]
[WhiteClock "0:00:04"]
[BlackClock "0:00:00"]

1. d4 Nf6 2. Nf3 e6 3. Bf4 c5 4. c3 Nc6 5. e3 d5 6. Nbd2 Bd6 7. Bg3 b6 8. Bb5 Bb7 9. Qa4 Qc7 10. Bxd6 Qxd6 11. Ne5 Rc8 12. Qxa7 Qc7 13. Bxc6+ Bxc6 14. Qxc7 Rxc7 15. Nxc6 Rxc6 16. Ke2 Ke7 17. a3 Ra8 18. Rhc1 h5 19. h4 b5 20. dxc5 Rxc5 21. Nb3 Rc7 22. Nd4 Ne4 23. Nxb5 Rb7 24. a4 Nc5 25. Rcb1 Rxa4 26. Na3 Rxh4 27. Nc2 Ra4 28. Nb4 Kd6 29. Rxa4 Nxa4 30. Kd3 Nc5+ 31. Kc2 Ra7 32. f3 h4 33. Rd1 f5 34. f4 g5 35. Rh1 Rg7 36. Kb1 gxf4 37. exf4 Rxg2 38. Rxh4 Na4 39. Nd3 Rd2 40. Ne5 Rxb2+ 41. Kc1 Rg2 42. Rh3 Rf2 43. Nd3 Rf1+ 44. Kc2 Rg1 45. Rh8 Rg2+ 46. Kb3 Nc5+ 47. Nxc5 Kxc5 48. Re8 Kd6 49. Ra8 Rf2 50. Ra6+ Kd7 51. Ra4 Re2 52. Ra7+ Kd6 53. Ra6+ 1-0


[Site "https://www.chess.com"]

[Event "Titled Tuesday Blitz January 11 2022"]
[White "Papp, Levente"]
[Black "Bacrot, Etienne"]
[WhiteFideId "751243"]
[BlackFideId "605506"]
[WhiteElo "2308"]
[BlackElo "2673"]
[Result "0-1"]
[Round "07"]
[TimeControl "180+1"]
[Date "2022.01.11"]
[WhiteClock "0:00:04"]
[BlackClock "0:00:51"]

1. c4 c5 2. g3 g6 3. Bg2 Bg7 4. Nc3 Nc6 5. e3 e6 6. Nge2 Nge7 7. d4 cxd4 8. Nxd4 d5 9. cxd5 exd5 10. O-O O-O 11. Nce2 Qb6 12. Bd2 Bg4 13. f3 Nxd4 14. Nxd4 Bxd4 15. exd4 Qxd4+ 16. Kh1 Be6 17. f4 Nf5 18. Qe2 Rfe8 19. Bc3 Qb6 20. Qd2 d4 21. Ba5 Qb5 22. a4 Qd7 23. Rfe1 Bd5 24. Bb4 a5 25. Ba3 Ne3 26. Bxd5 Qxd5+ 27. Kg1 Re6 28. Rac1 Rae8 29. Bc5 Nf5 30. Rxe6 Rxe6 31. Qxa5 Re8 32. Qd2 h5 33. Bb4 Kh7 34. Qf2 d3 35. Bd2 Re2 36. Rc5 Rxf2 37. Rxd5 Rxd2 38. Rd7 Kg7 39. Rxb7 Ne3 40. Re7 Rg2+ 41. Kh1 Re2 42. Rd7 d2 0-1


[Site "https://www.chess.com"]

[Event "Titled Tuesday Blitz January 11 2022"]
[White "Pinheiro, Iung Alicio de O."]
[Black "Krivonosov, Oleg"]
[WhiteFideId "2104350"]
[BlackFideId "11600349"]
[WhiteElo "2600"]
[BlackElo "2455"]
[Result "1-0"]
[Round "07"]
[TimeControl "180+1"]
[Date "2022.01.11"]
[WhiteClock "0:00:11"]
[BlackClock "0:00:01"]

1. d4 d5 2. c4 e6 3. Nc3 Be7 4. cxd5 exd5 5. Bf4 Nf6 6. e3 O-O 7. Nf3 c5 8. dxc5 Bxc5 9. Be2 Nc6 10. O-O a6 11. Ne5 Nxe5 12. Bxe5 Be6 13. Rc1 Be7 14. Qd4 Rc8 15. Rfd1 Qa5 16. a3 Bc5 17. Qh4 Be7 18. Qg3 Rfd8 19. Bd4 Qc7 20. Nxd5 Qxg3 21. Nxe7+ Kf8 22. hxg3 Kxe7 23. Bf3 Rxc1 24. Rxc1 Rd7 25. b4 Bd5 26. Be2 Ke6 27. f3 h5 28. Kf2 Ne8 29. Bb2 f6 30. e4 Bb3 31. Ke3 Ba4 32. Bc4+ Ke7 33. Bd5 Nd6 34. Bd4 Nb5 35. Bb2 Nd6 36. Rh1 Bc6 37. Ba2 Bb5 38. Rc1 Bc6 39. Bb3 Rc7 40. Rh1 Bb5 41. Bd4 Nc4+ 42. Kf2 Ne5 43. Bc5+ Ke8 44. Ke3 b6 45. Bd4 Nc4+ 46. Kf4 Nd2 47. Bd5 Rc2 48. Rxh5 Nc4 49. Rh8+ Kd7 50. Rg8 g5+ 51. Kf5 Nd6+ 52. Kxf6 Rxg2 53. Rg7+ Kd8 54. g4 Ne8+ 55. Kg6 Nxg7 56. Bxg7 Be2 57. Bf6+ Kd7 58. e5 1-0


[Site "https://www.chess.com"]

[Event "Titled Tuesday Blitz January 11 2022"]
[White "Preotu, Razvan"]
[Black "Blomqvist, Erik"]
[WhiteFideId "2613280"]
[BlackFideId "1709437"]
[WhiteElo "2407"]
[BlackElo "2423"]
[Result "1-0"]
[Round "07"]
[TimeControl "180+1"]
[Date "2022.01.11"]
[WhiteClock "0:01:20"]
[BlackClock "0:00:12"]

1. e4 c5 2. Nf3 e6 3. c3 Nf6 4. e5 Nd5 5. d4 cxd4 6. cxd4 d6 7. Bc4 Be7 8. O-O O-O 9. Qe2 b6 10. Rd1 Bb7 11. Bxd5 exd5 12. Nc3 Na6 13. Nb5 Nc7 14. Nxc7 Qxc7 15. Bg5 h6 16. Bxe7 Qxe7 17. Qe3 Rac8 18. Qa3 a5 19. exd6 Qf6 20. d7 Rcd8 21. Ne5 Qf5 22. Qe7 f6 23. g4 Qe4 24. Re1 Qxd4 25. Qe6+ Kh7 26. Qf5+ Kg8 27. Ng6 Bc6 28. Ne7+ 1-0


[Site "https://www.chess.com"]

[Event "Titled Tuesday Blitz January 11 2022"]
[White "Rasulov, Vugar"]
[Black "Zelbel, Patrick"]
[WhiteFideId "13402390"]
[BlackFideId "24624322"]
[WhiteElo "2560"]
[BlackElo "2493"]
[Result "1-0"]
[Round "07"]
[TimeControl "180+1"]
[Date "2022.01.11"]
[WhiteClock "0:00:58"]
[BlackClock "0:00:18"]

1. d4 Nf6 2. c4 c5 3. d5 e6 4. Nc3 exd5 5. cxd5 d6 6. e4 g6 7. f4 Bg7 8. Bb5+ Nfd7 9. a4 Qh4+ 10. g3 Qd8 11. Nf3 O-O 12. O-O Na6 13. f5 Nf6 14. Bg5 h6 15. Bc1 Nb4 16. fxg6 fxg6 17. e5 dxe5 18. Nxe5 Bf5 19. d6 Kh7 20. g4 Bc2 21. Qd2 a6 22. Bc4 Nd7 23. Rxf8 Nxf8 24. Qf4 Qxd6 25. Nf3 Rd8 26. Qxd6 Rxd6 27. Be3 Nd7 28. a5 Bd3 29. Rd1 Rf6 30. Bxd3 Rxf3 31. Be4 Rxe3 32. Rxd7 Na2 33. Kf2 Rxc3 34. bxc3 Nxc3 35. Bxb7 Kg8 36. Bxa6 Bd4+ 37. Kf3 Na2 38. Bc4+ 1-0


[Site "https://www.chess.com"]

[Event "Titled Tuesday Blitz January 11 2022"]
[White "Real De Azua, Ernesto"]
[Black "Samadov, Read"]
[WhiteFideId "108154"]
[BlackFideId "13417444"]
[WhiteElo "2476"]
[BlackElo "2084"]
[Result "1-0"]
[Round "07"]
[TimeControl "180+1"]
[Date "2022.01.11"]
[WhiteClock "0:00:06"]
[BlackClock "0:00:05"]

1. d4 Nf6 2. c4 g6 3. Nc3 Bg7 4. e4 d6 5. Nf3 O-O 6. Be2 e5 7. Be3 c6 8. d5 Na6 9. Nd2 Bd7 10. g4 Qe7 11. h4 Ne8 12. h5 Bf6 13. a3 Bg5 14. Bxg5 Qxg5 15. b4 c5 16. Rb1 b6 17. Nf3 Qf4 18. Qd2 Bxg4 19. Qxf4 exf4 20. hxg6 hxg6 21. Ng5 Bxe2 22. Kxe2 Nf6 23. b5 Nc7 24. Kf3 Kg7 25. Ne2 Rh8 26. Nxf4 Nd7 27. Nd3 Kf6 28. Kg4 Ne5+ 29. Nxe5 dxe5 30. f4 Rh5 31. fxe5+ Kxe5 32. Nxf7+ Kxe4 33. Rhe1+ Kd4 34. d6 Ne8 35. Rbd1+ Kxc4 36. Rxe8 Rxe8 37. d7 Rf8 38. Nd6+ Kb3 39. Ne8 Rff5 40. d8=Q Rhg5+ 41. Qxg5 Rxg5+ 42. Kxg5 c4 43. Nd6 c3 44. Nc8 c2 45. Rh1 Kxa3 46. Nxa7 Kb2 47. Nc8 1-0


[Site "https://www.chess.com"]

[Event "Titled Tuesday Blitz January 11 2022"]
[White "Sadhwani, Raunak"]
[Black "Jones, Gawain C B"]
[WhiteFideId "35093487"]
[BlackFideId "409561"]
[WhiteElo "2616"]
[BlackElo "2657"]
[Result "1-0"]
[Round "07"]
[TimeControl "180+1"]
[Date "2022.01.11"]
[WhiteClock "0:00:59"]
[BlackClock "0:01:04"]

1. d4 Nf6 2. Nf3 g6 3. Nc3 d5 4. Bf4 Bg7 5. Nb5 Na6 6. e3 O-O 7. Be2 Nh5 8. Bg5 f6 9. Bh4 g5 10. Bg3 c6 11. Nc3 Nxg3 12. hxg3 e5 13. Qd2 Nc7 14. O-O-O e4 15. Ng1 f5 16. f3 b5 17. g4 fxg4 18. fxe4 b4 19. Na4 dxe4 20. Nc5 Nd5 21. Nxe4 Re8 22. Bd3 Bf5 23. Ng3 Bxd3 24. Qxd3 h6 25. Nf5 Qf6 26. Ne2 Nxe3 27. Nxe3 Qf2 28. Nxg4 Qxe2 29. Nxh6+ Bxh6 30. Qg6+ Bg7 31. Qh7+ Kf7 32. Rhf1+ Ke6 33. Rfe1 1-0


[Site "https://www.chess.com"]

[Event "Titled Tuesday Blitz January 11 2022"]
[White "Salimova, Nurgyul"]
[Black "Shkapenko, Pavel"]
[WhiteFideId "2915138"]
[BlackFideId "4151933"]
[WhiteElo "2185"]
[BlackElo "2386"]
[Result "1-0"]
[Round "07"]
[TimeControl "180+1"]
[Date "2022.01.11"]
[WhiteClock "0:00:08"]
[BlackClock "0:00:16"]

1. d4 Nf6 2. Nc3 e6 3. e4 d5 4. Bg5 Be7 5. e5 Nfd7 6. h4 c5 7. Bxe7 Qxe7 8. Nb5 O-O 9. Nc7 cxd4 10. Nxa8 Nxe5 11. Qxd4 Nbc6 12. Qd2 b6 13. f4 Ng4 14. Bb5 Bb7 15. Nf3 Rxa8 16. O-O-O Nf6 17. Bd3 Rc8 18. Kb1 Nb4 19. Ne5 Ba6 20. g4 Bxd3 21. cxd3 Rc2 22. Qe3 Rg2 23. Rc1 Qf8 24. g5 Ng4 25. Nxg4 Rxg4 26. Qf3 h5 27. gxh6 Rg6 28. hxg7 Qxg7 29. Qh5 Kf8 30. Rc8+ Ke7 31. Qe5 Qxe5 32. fxe5 Nxd3 33. h5 Rh6 34. Rc7+ Kf8 35. Rxa7 Nxe5 36. Rb7 Ng4 37. Rxb6 Nf2 38. Rh2 Ng4 39. Rh4 f5 40. a4 d4 41. a5 d3 42. a6 d2 43. Rd6 Ke7 44. Rxd2 Rh8 45. b4 Rb8 46. Rb2 Nh6 47. b5 Kd6 48. a7 1-0


[Site "https://www.chess.com"]

[Event "Titled Tuesday Blitz January 11 2022"]
[White "Sanal, Vahap"]
[Black "Yeletsky, Ivan"]
[WhiteFideId "6300545"]
[BlackFideId "24180327"]
[WhiteElo "2603"]
[BlackElo "2348"]
[Result "1-0"]
[Round "07"]
[TimeControl "180+1"]
[Date "2022.01.11"]
[WhiteClock "0:01:48"]
[BlackClock "0:01:20"]

1. e4 Nc6 2. d4 d6 3. Nc3 Nf6 4. Nf3 g6 5. h3 Bg7 6. d5 Nb8 7. Bc4 O-O 8. O-O c6 9. a4 b6 10. Re1 Bb7 11. Bg5 h6 12. Bf4 a6 13. Bb3 Nbd7 14. Bh2 Nc5 15. Ba2 b5 16. dxc6 Bxc6 17. e5 dxe5 18. Nxe5 Qb6 19. Nxg6 Rfd8 20. Nxe7+ Kf8 21. Bd6 Bxg2 22. Nc8+ Rxd6 23. Nxb6 Rxd1 24. Raxd1 1-0


[Site "https://www.chess.com"]

[Event "Titled Tuesday Blitz January 11 2022"]
[White "Sarana, Alexey"]
[Black "Yoo, Christopher Woojin"]
[WhiteFideId "24133795"]
[BlackFideId "30909694"]
[WhiteElo "2665"]
[BlackElo "2105"]
[Result "1-0"]
[Round "07"]
[TimeControl "180+1"]
[Date "2022.01.11"]
[WhiteClock "0:00:47"]
[BlackClock "0:00:02"]

1. d4 Nf6 2. c4 e6 3. Nc3 d5 4. cxd5 Nxd5 5. e4 Nxc3 6. bxc3 c5 7. Rb1 Be7 8. Nf3 O-O 9. h4 Nc6 10. h5 cxd4 11. cxd4 h6 12. Bb5 Bd7 13. O-O Rc8 14. Bf4 a6 15. Ba4 b5 16. Bc2 Nb4 17. Bb3 Qb6 18. Qd2 a5 19. a3 a4 20. axb4 axb3 21. Rxb3 Rfd8 22. Bxh6 gxh6 23. Qxh6 Bf8 24. Qg5+ Kh7 25. Ne5 Bh6 26. Qf6 Bg7 27. Qxf7 Be8 28. Qe7 Qd6 29. Qg5 Qxd4 30. Ng4 Qxe4 31. h6 Bh8 32. Qe7+ Kg6 33. Rg3 1-0


[Site "https://www.chess.com"]

[Event "Titled Tuesday Blitz January 11 2022"]
[White "Shapkin, Anatoliy"]
[Black "Lenderman, Aleksandr"]
[WhiteFideId "34108332"]
[BlackFideId "2021285"]
[WhiteElo "2223"]
[BlackElo "2651"]
[Result "0-1"]
[Round "07"]
[TimeControl "180+1"]
[Date "2022.01.11"]
[WhiteClock "0:01:21"]
[BlackClock "0:01:42"]

1. d4 e6 2. c4 b6 3. Nf3 Bb7 4. g3 Bb4+ 5. Bd2 Bxf3 6. exf3 Bxd2+ 7. Qxd2 Nf6 8. Bg2 d5 9. O-O O-O 10. cxd5 Nxd5 11. Nc3 Nc6 12. Nxd5 Qxd5 13. f4 Qd6 14. Rfd1 Rad8 15. Bxc6 Qxc6 16. Rac1 Qb7 17. Rc4 Rd7 18. Rdc1 Rfd8 19. Qc3 c5 20. Rd1 g6 21. b4 cxb4 22. Qxb4 Qf3 23. Rdc1 h5 24. h4 Kg7 25. a4 Qd3 26. a5 bxa5 27. Qxa5 Rxd4 28. Qe5+ Kg8 29. Rc7 Qf3 30. Rc8 Rd1+ 31. Kh2 Qh1# 0-1


[Site "https://www.chess.com"]

[Event "Titled Tuesday Blitz January 11 2022"]
[White "Sjugirov, Sanan"]
[Black "Taboas Rodriguez, Daniel"]
[WhiteFideId "4189302"]
[BlackFideId "2208466"]
[WhiteElo "2602"]
[BlackElo "2429"]
[Result "1-0"]
[Round "07"]
[TimeControl "180+1"]
[Date "2022.01.11"]
[WhiteClock "0:00:08"]
[BlackClock "0:00:17"]

1. e4 e6 2. d4 d5 3. Nd2 Nc6 4. Ngf3 Nf6 5. e5 Ne4 6. Bd3 Nxd2 7. Bxd2 Nb4 8. Be2 c5 9. c3 Nc6 10. O-O Bd7 11. a3 c4 12. Ng5 Be7 13. f4 h6 14. Nf3 O-O 15. Qe1 f5 16. exf6 Bxf6 17. Bd1 Qe7 18. Bc2 b5 19. g4 Qf7 20. Qg3 g6 21. g5 Bg7 22. Ne5 Bxe5 23. fxe5 Qh7 24. gxh6 Ne7 25. Rf6 Kh8 26. Raf1 Nf5 27. Qg5 Rg8 28. Kh1 Rae8 29. Qg4 Re7 30. Bg5 Nxh6 31. Qf4 Nf5 32. Bxf5 gxf5 33. Rh6 Rf7 34. Bf6+ Rxf6 35. exf6 1-0


[Site "https://www.chess.com"]

[Event "Titled Tuesday Blitz January 11 2022"]
[White "Svane, Frederik"]
[Black "Tari, Aryan"]
[WhiteFideId "12923044"]
[BlackFideId "1510045"]
[WhiteElo "2459"]
[BlackElo "2567"]
[Result "1-0"]
[Round "07"]
[TimeControl "180+1"]
[Date "2022.01.11"]
[WhiteClock "0:00:23"]
[BlackClock "0:00:01"]

1. e4 c6 2. Nf3 d5 3. exd5 cxd5 4. d4 Nc6 5. c3 Bg4 6. h3 Bh5 7. Qb3 Bxf3 8. Qxb7 Qc8 9. Qxc8+ Rxc8 10. gxf3 e6 11. Be3 Bd6 12. Nd2 Nge7 13. Bd3 O-O 14. O-O Ng6 15. Bxg6 hxg6 16. Kg2 f6 17. f4 Ne7 18. Rac1 Nf5 19. Nf3 Kf7 20. Rfe1 Rh8 21. b3 Nh4+ 22. Nxh4 Rxh4 23. c4 Rch8 24. cxd5 exd5 25. Rc6 Bb8 26. Rc5 R8h5 27. Rc8 Bd6 28. Rd8 Ke7 29. Ra8 Rxh3 30. Rxa7+ Ke6 31. Ra6 Kd7 32. b4 Rh2+ 33. Kf3 R5h3+ 34. Ke2 g5 35. fxg5 f5 36. b5 f4 37. Rxd6+ Kxd6 38. Bxf4+ Kd7 39. Bxh2 Rxh2 40. Rb1 Rh4 41. b6 Kc8 42. b7+ Kb8 43. Rb4 Rg4 44. a4 Rxg5 45. a5 Rg6 46. Rb5 Rf6 47. Ke3 g6 48. f4 Re6+ 49. Kf3 Rc6 50. Kg4 Rc4 51. a6 Ra4 52. Rb6 1-0


[Site "https://www.chess.com"]

[Event "Titled Tuesday Blitz January 11 2022"]
[White "Svane, Rasmus"]
[Black "Ibrahimli, Murad"]
[WhiteFideId "4657101"]
[BlackFideId "13410229"]
[WhiteElo "2645"]
[BlackElo "2109"]
[Result "1-0"]
[Round "07"]
[TimeControl "180+1"]
[Date "2022.01.11"]
[WhiteClock "0:00:07"]
[BlackClock "0:00:03"]

1. Nf3 Nf6 2. g3 d5 3. Bg2 c6 4. O-O Bg4 5. h3 Bh5 6. d4 Nbd7 7. c4 e6 8. cxd5 exd5 9. Ne5 Bd6 10. f4 Bg6 11. Nc3 Be4 12. Nxe4 Nxe4 13. Bxe4 dxe4 14. Qb3 Bxe5 15. dxe5 Qb6+ 16. Be3 Qxb3 17. axb3 a6 18. Ra4 f5 19. Rb4 O-O-O 20. g4 g6 21. Rd4 Rhe8 22. Rd6 fxg4 23. hxg4 g5 24. e6 Nf6 25. Rxd8+ Kxd8 26. f5 h6 27. Bd4 Ke7 28. Bc5+ Kd8 29. Kg2 Kc7 30. Bd4 Nd5 31. f6 Kd6 32. f7 Rb8 33. f8=Q+ 1-0


[Site "https://www.chess.com"]

[Event "Titled Tuesday Blitz January 11 2022"]
[White "Talibov, Shiroghlan"]
[Black "Kalashian, David"]
[WhiteFideId "13429078"]
[BlackFideId "13302418"]
[WhiteElo "2070"]
[BlackElo "2490"]
[Result "0-1"]
[Round "07"]
[TimeControl "180+1"]
[Date "2022.01.11"]
[WhiteClock "0:00:03"]
[BlackClock "0:00:07"]

1. c4 Nf6 2. Nc3 g6 3. e4 d6 4. d4 Bg7 5. Be2 O-O 6. Nf3 Bg4 7. Be3 c5 8. d5 a6 9. a4 Nbd7 10. O-O Bxf3 11. Bxf3 b6 12. Be2 Rb8 13. f4 Qc7 14. Qd2 Rbd8 15. Bf3 e6 16. Rae1 exd5 17. exd5 Rfe8 18. Bf2 h5 19. h3 Rxe1 20. Rxe1 Re8 21. Rxe8+ Nxe8 22. Ne4 Nef6 23. Ng5 Nh7 24. Ne4 Nhf6 25. Nc3 Qd8 26. b3 Qe8 27. Bh4 Bh6 28. Bg5 Bxg5 29. fxg5 Nh7 30. Ne4 Ne5 31. Qf4 Qd8 32. h4 Kg7 33. Be2 Qe7 34. Kf1 Qd8 35. g3 Qe7 36. Bd1 Qd8 37. Bc2 Qe7 38. Kg2 Ng4 39. Bd1 Ne5 40. Be2 Qd8 41. Nf2 Qe7 42. Bf3 Nf8 43. g4 hxg4 44. Bxg4 Nxg4 45. Nxg4 Nd7 46. Nf2 f5 47. h5 Ne5 48. hxg6 Kxg6 49. Nh3 Nd3 50. Qf3 Ne1+ 0-1


[Site "https://www.chess.com"]

[Event "Titled Tuesday Blitz January 11 2022"]
[White "Terry, Renato"]
[Black "Piorun, Kacper"]
[WhiteFideId "3803457"]
[BlackFideId "1130420"]
[WhiteElo "2577"]
[BlackElo "2571"]
[Result "0-1"]
[Round "07"]
[TimeControl "180+1"]
[Date "2022.01.11"]
[WhiteClock "0:00:05"]
[BlackClock "0:00:05"]

1. d4 Nf6 2. Nf3 g6 3. Bg5 Bg7 4. c3 O-O 5. Nbd2 d6 6. e4 Nc6 7. Be2 h6 8. Bh4 Qe8 9. O-O e5 10. dxe5 Nxe5 11. Re1 Nc6 12. Bd3 Nh5 13. Nc4 Nf4 14. Bf1 g5 15. Bg3 Ng6 16. Nd4 Nxd4 17. cxd4 Be6 18. Rc1 Qd8 19. Na5 Rb8 20. d5 Bd7 21. Qc2 b6 22. Nc4 f5 23. exf5 Bxf5 24. Bd3 Qf6 25. b3 Bxd3 26. Qxd3 Rbe8 27. Rxe8 Rxe8 28. Ne3 h5 29. h3 Rf8 30. a4 Rf7 31. Kh1 Nf4 32. Qc2 Qd4 33. Rd1 Qc3 34. Qb1 Ne2 35. Nf5 Nxg3+ 36. fxg3 Qe5 37. Nxg7 Kxg7 38. Qd3 Qf5 39. Qc3+ Qf6 40. Qc2 Kh6 41. Qc1 Kg7 42. Qc2 Qf5 43. Qc3+ Kh7 44. Qc4 g4 45. h4 Qe5 46. Kh2 Kg7 47. Qd3 Qf5 48. Qd4+ Qf6 49. Qc4 Qe5 50. Rd2 a5 51. Rc2 Qf5 52. Qd4+ Qf6 53. Qd3 Re7 54. Qd2 Qg6 55. Rc4 Kh7 56. Qc3 Qf7 57. Qc2+ Kg8 58. Rf4 Qh7 59. Qc3 Qg6 60. Rf6 Qg7 61. Qd4 Rf7 62. Rf4 Qxd4 63. Rxd4 Kg7 64. Kg1 Re7 65. Rc4 Kf6 66. Rc2 Kg6 67. Kf2 Kf6 68. Kg1 Kg6 69. Kf1 Rf7+ 70. Kg1 Kf6 71. Rf2+ Ke7 72. Re2+ Kd7 73. Rd2 Rf5 74. Rd3 c6 75. dxc6+ Kxc6 76. Rc3+ Kd7 77. Rd3 d5 78. Rd4 Kd6 79. Rf4 Ke5 80. b4 Rxf4 81. gxf4+ Kxf4 82. Kf2 g3+ 83. Ke2 axb4 84. Kd3 Ke5 85. Ke3 d4+ 86. Kd3 Kd5 0-1


[Site "https://www.chess.com"]

[Event "Titled Tuesday Blitz January 11 2022"]
[White "Vysochin, Spartak"]
[Black "Safarli, Eltaj"]
[WhiteFideId "14103516"]
[BlackFideId "13402129"]
[WhiteElo "2401"]
[BlackElo "2634"]
[Result "0-1"]
[Round "07"]
[TimeControl "180+1"]
[Date "2022.01.11"]
[WhiteClock "0:01:18"]
[BlackClock "0:01:50"]

1. e4 c5 2. c3 b6 3. d4 Bb7 4. Nd2 e6 5. Ngf3 Nf6 6. Bd3 Be7 7. O-O O-O 8. Qe2 Nc6 9. e5 Nd5 10. Qe4 f5 11. exf6 Nxf6 12. Qh4 cxd4 13. cxd4 Nb4 14. Bb1 Rc8 15. Ne5 Nc2 16. Bxc2 Rxc2 17. Ndf3 d6 18. Ng4 Bxf3 19. gxf3 Qa8 20. Qh3 Nxg4 21. fxg4 Qe4 22. Be3 Rf3 23. Qg2 Rxe3 0-1


[Site "https://www.chess.com"]

[Event "Titled Tuesday Blitz January 11 2022"]
[White "Williams, Simon K"]
[Black "Rodrigue-Lemieux, Shawn"]
[WhiteFideId "404454"]
[BlackFideId "2620049"]
[WhiteElo "2468"]
[BlackElo "1763"]
[Result "1-0"]
[Round "07"]
[TimeControl "180+1"]
[Date "2022.01.11"]
[WhiteClock "0:01:00"]
[BlackClock "0:01:32"]

1. e4 c6 2. Bc4 d5 3. Bb3 Nf6 4. e5 Nfd7 5. d4 e6 6. c3 c5 7. Nf3 Nc6 8. O-O Be7 9. a3 b6 10. Bc2 Ba6 11. Re1 Rc8 12. b4 cxd4 13. cxd4 Bb7 14. Nbd2 b5 15. Nb3 Nb6 16. Nc5 Ba8 17. Be3 Nc4 18. Nd2 Nxe3 19. fxe3 O-O 20. Qg4 g6 21. Rf1 Qe8 22. Bd3 Rb8 23. h4 a5 24. Rab1 axb4 25. axb4 Rc8 26. h5 Bxc5 27. bxc5 Qe7 28. Rxb5 Kh8 29. Rbb1 Rg8 30. Rf6 Rcf8 31. Rbf1 Nxe5 32. dxe5 d4 33. hxg6 dxe3 34. Rxf7 1-0


[Site "https://www.chess.com"]

[Event "Titled Tuesday Blitz January 11 2022"]
[White "Aloma Vidal, Robert"]
[Black "Lysyj, Igor"]
[WhiteFideId "2260409"]
[BlackFideId "4150120"]
[WhiteElo "2435"]
[BlackElo "2611"]
[Result "1/2-1/2"]
[Round "08"]
[TimeControl "180+1"]
[Date "2022.01.11"]
[WhiteClock "0:00:22"]
[BlackClock "0:00:12"]

1. e4 e5 2. Nf3 Nc6 3. Bc4 Bc5 4. b4 Bxb4 5. c3 Ba5 6. d4 d6 7. Qb3 Qd7 8. O-O Bb6 9. Nbd2 Na5 10. Qc2 Nxc4 11. Nxc4 Qc6 12. Nxb6 axb6 13. dxe5 dxe5 14. Nxe5 Qa4 15. Qd3 Nf6 16. Qg3 O-O 17. Bh6 Nh5 18. Qh4 f6 19. Qxh5 Qe8 20. Qxe8 Rxe8 21. Bf4 fxe5 22. Bg3 Ra3 23. Rfc1 Kf7 24. Rc2 Ke6 25. Rd1 c6 26. h4 h5 27. Rd3 b5 28. Rcd2 Kf7 29. Rf3+ Kg6 30. Bh2 Bg4 31. Rfd3 Kh7 32. Bg3 Be6 33. Bxe5 Bc4 34. Bd6 Bxd3 35. Bxa3 Bxe4 36. Bc5 Bd5 37. a3 Re1+ 38. Kh2 Kg6 39. Kg3 Kf5 40. f3 Rc1 41. Bd4 g5 42. hxg5 Kxg5 43. Re2 h4+ 44. Kf2 Kg6 45. Re7 Rc2+ 46. Kg1 h3 47. Rg7+ Kh6 48. gxh3 Bxf3 49. Rxb7 c5 50. Rb6+ Kg5 51. Bxc5 Rxc3 52. Bb4 Rc2 53. Kf1 Bg2+ 54. Ke1 Bxh3 55. Rxb5+ Kf6 56. Rd5 Ke6 57. Rd3 Bf5 58. Rd2 Rxd2 59. Kxd2 Be4 60. Kc3 Bh1 61. Kb2 Kd7 62. Kc3 Kc6 63. Kb2 Kb7 64. Kc3 Ka8 65. Kb2 Kb7 66. Kc3 Ka8 67. Kb2 Kb7 1/2-1/2


[Site "https://www.chess.com"]

[Event "Titled Tuesday Blitz January 11 2022"]
[White "Aradhya, Garg"]
[Black "Demchenko, Anton"]
[WhiteFideId "25006746"]
[BlackFideId "4160258"]
[WhiteElo "2169"]
[BlackElo "2539"]
[Result "1-0"]
[Round "08"]
[TimeControl "180+1"]
[Date "2022.01.11"]
[WhiteClock "0:00:55"]
[BlackClock "0:00:02"]

1. d4 Nf6 2. c4 g6 3. g3 Bg7 4. Bg2 O-O 5. Nc3 d6 6. Nf3 Nbd7 7. O-O e5 8. e4 Re8 9. h3 exd4 10. Nxd4 Nc5 11. Re1 a5 12. Bf4 h6 13. e5 Nh5 14. exd6 Rxe1+ 15. Qxe1 Nxf4 16. Ndb5 Nxg2 17. dxc7 Qd7 18. Kxg2 Qxh3+ 19. Kg1 Bg4 20. Qe3 Qh5 21. Kg2 Kh7 22. Nd5 Re8 23. Qf4 Be6 24. Nd6 Nd3 25. Nf6+ Bxf6 26. Qxf6 Qh3+ 27. Kg1 Qg4 28. Nxe8 1-0


[Site "https://www.chess.com"]